 Dungeon Crawl Stone Soup version 0.20.1-1-g8b1a95d (webtiles) character file.

184 RicketyTrickster the Cutter (level 5, -11/49 HPs)
             Began as a Kobold Berserker on July 2, 2017.
             Was a Priest of Trog.
             Mangled by an orc warrior
             ... wielding a +0 dire flail
              (26 damage)
             ... on level 3 of the Dungeon on July 3, 2017.
             The game lasted 00:14:41 (2204 turns).

RicketyTrickster the Cutter (Kobold Berserker)      Turns: 2204, Time: 00:14:42

Health: -11/49     AC:  9    Str: 20    XL:     5   Next: 96%
Magic:  5/5        EV: 11    Int:  8    God:    Trog [***...]
Gold:   112        SH:  0    Dex: 15    Spells: 4/4 levels left

rFire    . . .     SeeInvis .   l - +1 dagger (venom)
rCold    + . .     Gourm    .   (shield restricted)
rNeg     . . .     Faith    .   h - +0 chain mail
rPois    .         Spirit   .   (no helmet)
rElec    .         Reflect  .   (no cloak)
rCorr    .         Harm     .   (no gloves)
MR       .....                  (no boots)
Stlth    ..........             (no amulet)
Regen    0.2/turn               b - ring of protection from cold
MPRegen  0.1/turn               k - ring of wizardry

@: berserking (expiring), very quick
A: carnivore 3
a: Berserk, Trog's Hand, Burn Spellbooks, Renounce Religion


You were on level 3 of the Dungeon.
You worshipped Trog.
Trog was most pleased with you.
You were very full.

You visited 1 branch of the dungeon, and saw 3 of its levels.

You collected 112 gold pieces.

Inventory:

Hand Weapons
 a - a +0 short sword
 l - a +1 dagger of venom (weapon)
Armour
 h - a +0 chain mail (worn)
Jewellery
 b - a ring of protection from cold (left hand)
 d - an uncursed ring of fire
 k - a ring of wizardry (right hand)
Scrolls
 i - 3 scrolls of immolation {unknown}
 n - a scroll of amnesia {unknown}
 o - a scroll of teleportation {unknown}
Potions
 e - 2 potions of brilliance {unknown}
 g - a potion of heal wounds {unknown}
 j - a potion of lignification {unknown}
Comestibles
 c - a meat ration
 f - 2 bread rations
 m - 3 chunks of flesh


   Skills:
 + Level 4.2 Fighting
 + Level 5.9 Short Blades
 + Level 2.9 Armour
 + Level 2.8 Dodging
 + Level 0.8 Stealth


You had 4 spell levels left.
You didn't know any spells.

Dungeon Overview and Level Annotations

Branches:
Dungeon (3/15)

Altars:
Makhleb
Qazlal


Innate Abilities, Weirdness & Mutations

You are small and have problems with some larger weapons.
You are carnivorous and can eat meat at any time.


Message History

The orc warrior hits you with a dire flail.
You closely miss the orc warrior.
A bat comes into view.
You hit the orc warrior but do no damage.
The bat moves out of view.
The orc warrior hits you with a dire flail!
You hit the orc warrior but do no damage.
You hit the orc warrior.
The orc warrior is poisoned.
The orc warrior is lightly wounded.
You closely miss the orc warrior.
The orc warrior is lightly wounded.
The orc warrior hits you with a dire flail!
You puncture the orc warrior!
The orc warrior looks as sick as possible!
The orc warrior is heavily wounded.
You hit the orc warrior but do no damage.
The orc warrior is heavily wounded.
The orc warrior hits you with a dire flail!!
Ouch! That really hurt!
You die...

..(..............
...............###......
....(...................
#####.####..............
###.)..##... ........
#.....##..####.......
#..รท)##8........b.#
..#...###.......)o.#
#.#.8.#.#.......@).# #
#....##..........#
##.##...##.............
..# ###..#..............
########.#..............
........................
......###...............
..... #...............
##### #).............


You could see an orc warrior and a bat.

Vanquished Creatures
  An orc priest (D:3)
  An orc wizard (D:3)
  4 adders
  3 oozes (D:2)
  2 worms
  5 dart slugs
  5 orcs (D:3)
  A ball python (D:2)
  5 bats
  8 goblins
  7 hobgoblins
  4 jackals
  A quokka (D:2)
  4 frilled lizards
  9 kobolds
  2 rats
62 creatures vanquished.

Notes
Turn   | Place    | Note
-------+----------+-------------------------------------------
     0 | D:1      | RicketyTrickster the Kobold Berserker began the quest for the Orb.
     0 | D:1      | Reached XP level 1. HP: 14/14 MP: 1/1
   464 | D:1      | Reached XP level 2. HP: 19/19 MP: 2/2
   840 | D:1      | Reached XP level 3. HP: 13/23 MP: 3/3
  1518 | D:2      | Reached ** piety under Trog
  1699 | D:2      | Reached XP level 4. HP: 29/29 MP: 4/4
  1723 | D:2      | Reached skill level 5 in Short Blades
  1976 | D:2      | Found a stormy altar of Qazlal.
  2004 | D:2      | Found a burning altar of Makhleb.
  2006 | D:2      | Noticed a cacodemon
  2037 | D:3      | Reached XP level 5. HP: 33/33 MP: 5/5
  2184 | D:3      | Noticed an orc warrior
  2194 | D:3      | Reached *** piety under Trog
  2204 | D:3      | Mangled by an orc warrior

Skill      XL: |  1  2  3  4 |
---------------+-------------+-----
Armour         | 2 |  2.9
Short Blades   | 5 |  5.9
Fighting       | 4 |  4.2
Dodging        | |  2.8
Stealth        | |  0.8

Action                   |  1- 3 |  4- 6 || total
-------------------------+-------+-------++-------
Melee: Short sword       |   135 |    26 ||   161
       Dagger            |       |   107 ||   107
Invok: Berserk           |     1 |     1 ||     2
  Eat: Chunk             |    11 |     2 ||    13
Armor: Chain mail        |    80 |    51 ||   131
Dodge: Dodged            |    54 |    65 ||   119
